 Dungeon Crawl Stone Soup version 0.27-a0-887-gcab673c142 (webtiles) character file.

Game seed: 253408371869897640

443 timneilson the Covered (level 7, -3/44 HPs)
             Began as a Gargoyle Fighter on Apr 5, 2021.
             Slain by Duvessa
             ... wielding a +0 short sword
              (6 damage)
             ... on level 4 of the Dungeon.
             The game lasted 00:05:54 (3701 turns).

timneilson the Covered (Gargoyle Fighter)           Turns: 3701, Time: 00:05:54

Health: -3/44      AC: 15    Str: 22    XL:     7   Next: 2%
Magic:  7/7        EV:  8    Int:  8    God:
Gold:   968        SH: 10    Dex:  9    Spells: 6/6 levels left

rFire    . . .     SeeInvis .   a - +0 long sword
rCold    . . .     Faith    .   c - +0 kite shield
rNeg     + . .     Spirit   .   b - +0 scale mail
rPois    ∞         Reflect  .   g - +0 helmet
rElec    +         Harm     .   d - +0 cloak
rCorr    .         Rampage  .   (no gloves)
Will     .....                  (no boots)
Stlth    ..........             (no amulet)
HPRegen  0.14/turn              (no ring)
MPRegen  0.10/turn              (no ring)

@: studying Armour
A: AC +4, negative energy resistance 1, electricity resistance, torment
resistance 1, unbreathing 1, petrification resistance
a: no special abilities


You were on level 4 of the Dungeon.
You visited 1 branch of the dungeon, and saw 4 of its levels.

You collected 968 gold pieces.

Inventory:

Hand Weapons
 a - a +0 long sword (weapon)
Armour
 b - a +0 scale mail (worn)
 c - a +0 kite shield (worn)
 d - a +0 cloak (worn)
 g - a +0 helmet (worn)
Jewellery
 o - a ring of protection from fire
Wands
 p - a wand of digging (4)
Scrolls
 k - a scroll of teleportation
Potions
 j - a potion of brilliance
 l - a potion of resistance


   Skills:
 + Level 4.4 Fighting
 * Level 3.7 Long Blades
 * Level 6.5 Armour
 * Level 5.2 Shields


You had 6 spell levels left.
You didn't know any spells.
Your spell library contained the following spells:

 Spells                   Type           Power      Damage    Failure   Level
 Corona                   Hex            0%         N/A       98%         1
 Magic Dart               Conj           0%         1d3       98%         1
 Blink                    Tloc           N/A        N/A       99%         2
 Call Imp                 Summ           0%         N/A       99%         2
 Ensorcelled Hibernation  Hex/Ice        0%         N/A       99%         2
 Slow                     Hex            0%         N/A       99%         2
 Confusing Touch          Hex            0%         N/A       100%        3
 Conjure Flame            Conj/Fire      0%         6-21      100%        3
 Dazzling Flash           Conj/Hex       0%         N/A       100%        3
 Ignite Poison            Fire/Tmut/Pois 0%         N/A       100%        3
 Mephitic Cloud           Conj/Pois/Air  0%         N/A       100%        3
 Tukima's Dance           Hex            0%         N/A       100%        3
 Passage of Golubria      Tloc           N/A        N/A       100%        4
 Starburst                Conj/Fire      0%         8x6d3     100%        6
 Malign Gateway           Summ/Tloc      0%         N/A       100%        7


Dungeon Overview and Level Annotations

Branches:
Dungeon (4/15)
 Temple: D:4-7

Altars:
Elyvilon
Gozag

Annotations:
D:4 Dowan, Duvessa


Innate Abilities, Weirdness & Mutations

Your stone body is resilient. (AC +4)
You are immune to poison.
You resist negative energy. (rN+)
You are resistant to electric shocks. (rElec)
You are resistant to unholy torment.
You can survive without breathing.
You are immune to petrification.


Message History

Duvessa closely misses you. You block Dowan's attack.
You block Duvessa's attack. Dowan hits you but does no damage.
You hit Duvessa but do no damage.
Duvessa is moderately wounded.
Duvessa hits you with a +0 short sword.
* * * LOW HITPOINT WARNING * * *
Dowan hits you with a +0 dagger.
* * * LOW HITPOINT WARNING * * *
Unknown command.
You hit Duvessa.
Duvessa is heavily wounded.
Duvessa hits you but does no damage. Dowan barely misses you.
You riposte.
You barely miss Dowan.
Dowan is moderately wounded.
You block Dowan's attack. Duvessa hits you with a +0 short sword!
* * * LOW HITPOINT WARNING * * *
You feel better. Dowan hits you but does no damage.
Duvessa hits you but does no damage.
It was a potion of cancellation.
Your magical effects are unravelling.
You feel magically purged. You block Dowan's attack.
Duvessa closely misses you.
You feel less attractive to monsters.
You hit Duvessa but do no damage.
Duvessa is heavily wounded.
Duvessa hits you with a +0 short sword!
* * * LOW HITPOINT WARNING * * *
Dowan points at Duvessa and mumbles some strange words.
Duvessa seems to speed up.
You hit Duvessa.
Duvessa is heavily wounded.
You block Duvessa's attack.
Dowan points at you and mumbles some strange words.
You resist with some effort. You block Duvessa's attack.
Unknown command.
You closely miss Duvessa.
Duvessa is heavily wounded.
Duvessa hits you but does no damage.
Dowan gestures wildly while chanting.
Dowan blinks!
Duvessa hits you with a +0 short sword.
You die...

#......# #...... ###......
##....... ##. #........ ##
##..####....#..###e.##
##...........#.e§.(....
##...........###@....#
.#.....#......#...#..#
...#...#.#........# ...
#..##........##....# .
#.......).............
.......##.....##.......
.........................
#.....†..#........#...... #.
)........#...#..............


You could see Duvessa (fast) and Dowan.

Vanquished Creatures
  An ogre (D:3)
  2 scorpions (D:4)
  Crazy Yiuf (D:2)
  A bullfrog skeleton (D:4)
  An orc wizard (D:4)
  3 gnolls (D:4)
  5 adders
  A white imp (D:3)
  An adder skeleton (D:2)
  5 dart slugs
  A worm (D:2)
  5 orcs
  5 endoplasms
  2 giant cockroaches (D:2)
  3 goblins
  3 hobgoblins
  6 kobolds
  4 quokkas
  7 ball pythons
  6 bats
  A frilled lizard (D:3)
  5 rats
69 creatures vanquished.

Notes
Turn   | Place    | Note
-------+----------+-------------------------------------------
     0 | D:1      | timneilson the Gargoyle Fighter began the quest for the
                  | Orb.
     0 | D:1      | Reached XP level 1. HP: 14/14 MP: 1/1
    39 | D:1      | Identified Giucw's Catalogue of the Flamy Compass
   346 | D:1      | Reached XP level 2. HP: 15/19 MP: 2/2
   524 | D:1      | Found a faded altar of an unknown god.
  1032 | D:1      | Identified a scroll of acquirement
  1032 | D:1      | Acquired a manual of Armour
  1071 | D:2      | Found a runed translucent door.
  1072 | D:2      | Noticed Crazy Yiuf
  1200 | D:2      | Reached XP level 3. HP: 11/23 MP: 3/3
  1478 | D:2      | Reached skill level 4 in Armour
  1669 | D:2      | Reached XP level 4. HP: 28/28 MP: 4/4
  1741 | D:2      | Killed Crazy Yiuf
  2018 | D:3      | Found an opulent altar of Gozag.
  2040 | D:3      | Found a white marble altar of Elyvilon.
  2227 | D:3      | Reached XP level 5. HP: 33/33 MP: 5/5
  2765 | D:4      | Reached skill level 5 in Armour
  2772 | D:4      | Reached XP level 6. HP: 7/38 MP: 6/6
  3075 | D:4      | Identified the +1 war axe "Daediog" {elec, Drain Dex+6
                  | Stlth+}
  3115 | D:4      | Reached skill level 6 in Armour
  3441 | D:3      | HP: 1/38 [ogre/+0 giant spiked club (8)]
  3466 | D:3      | Reached skill level 5 in Shields
  3646 | D:4      | Reached XP level 7. HP: 36/44 MP: 7/7
  3668 | D:4      | Acquired 843 gold pieces
  3677 | D:4      | Noticed Dowan
  3679 | D:4      | Noticed Duvessa
  3701 | D:4      | Slain by Duvessa

Illustrated notes

Levels and vault maps discovered:
D:1:      matt_arrival_grand_opening, layout_basic, serial_forest,
          infiniplex_forest_lined_3, infiniplex_forest_clump_small,
          infiniplex_forest_split, infiniplex_forest_end_2,
          infiniplex_forest_clump_small, basic_ecumenical_altar
D:2:      layout_basic, mrwooster_statue_mirror, uniq_crazy_yiuf_cottage
D:3:      layout_basic, overflow_temple_1_default, elyvilon_altar_3
D:4:      layout_cave_pools, uniq_duvessa

Skill      XL: |  1  2  3  4  5  6 |
---------------+-------------------+-----
Long Blades    | 2 3 |  3.7
Armour         | 4 5 6 |  6.5
Shields        | 4 5 |  5.2
Fighting       | 4 |  4.4

Action                   |  1- 3 |  4- 6 |  7- 9 || total
-------------------------+-------+-------+-------++-------
Melee: Long sword        |   112 |   143 |    24 ||   279
  Use: Scroll            |     3 |     4 |     1 ||     8
       Potion            |       |     7 |     3 ||    10
Armor: Scale mail        |    87 |    73 |    21 ||   181
Dodge: Dodged            |    47 |    42 |    10 ||    99
Block: Kite shield       |    79 |    87 |    16 ||   182
       Rpst.: Long sword |    15 |     9 |     5 ||    29

Table legend: (Time is in decaauts)
 A = Elapsed time spent in this place.
 B = Non-inter-level travel time spent in this place.
 C = Inter-level travel time spent in this place.
 D = Time resting spent in this place.
 E = Time spent auto-exploring this place.
 F = Levels seen in this place.
 G = Mean time per level.
                   A        B        C        D        E       F      G
               +--------+--------+--------+--------+--------+-----+--------+
         Total |   3817 |   3687 |    130 |    481 |   2424 |   4 |  954.2 |
       Dungeon |   3817 |   3687 |    130 |    481 |   2424 |   4 |  954.2 |
               +--------+--------+--------+--------+--------+-----+--------+

Top non-repeatable levels by time:
     D:3: 1568 daAuts
     D:1: 1067 daAuts
     D:2: 774 daAuts
     D:4: 407 daAuts
